 Dungeon Sprint DCSS version 0.21-a0-91-ga5031da (webtiles) character file.

143 Kidiri the Magician (level 5, -2/31 HPs)
             Began as a Deep Elf Fire Elementalist on June 30, 2017.
             Slain by a hellwing (4 damage)
             ... summoned by a kobold demonologist
             ... in the Dungeon (Sprint III: "The Ten Rune Challenge").
             The game lasted 00:02:15 (538 turns).

Kidiri the Magician (Deep Elf Fire Elementalist)     Turns: 538, Time: 00:02:16

Health: -2/31      AC:  3    Str:  5    XL:     5   Next: 4%
Magic:  13/17      EV: 15    Int: 23    God:
Gold:   24         SH:  4    Dex: 15    Spells: 6/19 levels left

rFire    . . .     SeeInvis .   (no weapon)
rCold    . . .     Gourm    .   (no shield)
rNeg     . . .     Faith    .   a - +0 robe
rPois    .         Spirit   .   (helmet restricted)
rElec    .         Reflect  .   k - +0 cloak
rCorr    .         Harm     .   (no gloves)
MR       +....     NoTele   +   (no boots)
Stlth    ++........             (no amulet)
HPRegen  0.10/turn              (no ring)
MPRegen  0.15/turn              (no ring)

@: very slightly contaminated
A: antennae 1, large bone plates 1, clever 1, magic resistance 1
a: no special abilities


You were in the Dungeon.
You were not hungry.

You visited 1 branch You collected 24 gold pieces.

Inventory:

Armour
 a - a +0 robe (worn)
 k - a +0 cloak (worn)
Scrolls
 i - 2 scrolls of blinking
 m - 2 scrolls of torment
 n - 5 scrolls of remove curse
Potions
 d - 2 potions of curing
 e - 2 potions of heal wounds
 f - a potion of haste
 g - a potion of magic
 h - a potion of berserk rage
 o - a potion of flight
Books
 b - a book of Flames

   Spells                             Type                      Level
   a - Flame Tongue                   Conjuration/Fire             1
   b - Throw Flame                    Conjuration/Fire             2
   c - Conjure Flame                  Conjuration/Fire             3
   d - Inner Flame                    Hexes/Fire                   3
   e - Sticky Flame                   Conjuration/Fire             4
   f - Fireball                       Conjuration/Fire             5
Comestibles
 c - 2 bread rations
 q - a meat ration


   Skills:
 + Level 2.7 Fighting
 + Level 3.0 Armour
 + Level 5.2 Dodging
 - Level 2.4 Stealth
 * Level 7.5 Spellcasting
 + Level 4.2 Conjurations
 + Level 5.2 Fire Magic


You had 6 spell levels left.
You knew the following spells:

 Your Spells              Type           Power        Failure   Level  Hunger
a - Flame Tongue          Conj/Fire      ####.        1%          1    None
b - Throw Flame           Conj/Fire      ####..       1%          2    None
c - Conjure Flame         Conj/Fire      ####....     3%          3    None
d - Inner Flame           Hex/Fire       ###.....     8%          3    None
e - Sticky Flame          Conj/Fire      ####....     10%         4    ###....


Dungeon Overview and Level Annotations

Branches:
Dungeon (1/1)

Altars:
Kikubaaqudgha
Sif Muna
Vehumet


Innate Abilities, Weirdness & Mutations

You have a pair of small antennae on your head.
You are partially covered in large bone plates. (SH +4)
Your mind is acute. (Int +2)
You are resistant to hostile enchantments. (MR+)


Message History

The kobold demonologist closely misses you.
The hellwing hits you!
Ouch! That really hurt!
* * * LOW HITPOINT WARNING * * *
The hellwing closely misses you.
Unknown command.
Casting: Flame Tongue
Confirm with . or Enter, or press ? or * to list all spells.
Aiming: Sticky Flame
Press: ? - help, Shift-Dir - straight line, f/p - kobold demonologist
Aim: a kobold demonologist, wielding a dagger and wearing a robe The sticky flame hits the kobold demonologist.
The kobold demonologist is lightly wounded.
The kobold demonologist is covered in liquid flames!
The kobold demonologist burns!
The kobold demonologist miscasts a cantrip.
The hellwing hits you.
* * * LOW HITPOINT WARNING * * *
The hellwing hits you.
You die...

.#......#####..#
##.......#..#..#
.##.##÷..#..#..###+#+###+
.##.###..##+#..#.........
####.##..###...'.⌠.......
##..##..####...#...######
....##..###....#.⌠.#
#..##...##.....#...#
..##....#.)....#@###
.###..##.#.....#K4:# .#
#..#####....#___# ▓▓ ▓▓▓▓
▓▓▓▓▓▓▓▓▓▓


You could see a hellwing and a kobold demonologist (burning).

Vanquished Creatures
  A water elemental (D)
  Crazy Yiuf (D)
  A wizard (D)
  A human (D)
  An ooze (D)
  3 rats (D)
8 creatures vanquished.

Vanquished Creatures (others)
  2 draconian scorchers (D)
  6 hellions (D)
  2 yaktaurs (D)
  A plant (D)
11 creatures vanquished.

Grand Total: 19 creatures vanquished

Notes
Turn   | Place    | Note
-------+----------+-------------------------------------------
     0 | D        | Kidiri the Deep Elf Fire Elementalist began the quest for the Orb.
     0 | D        | Reached XP level 1. HP: 10/10 MP: 6/6
    14 | D        | Reached skill level 1 in Armour
    90 | D        | Killed a hellion
   100 | D        | Killed a hellion
   103 | D        | Killed a hellion
   103 | D        | Killed a hellion
   104 | D        | Killed a hellion
   127 | D        | Reached skill level 1 in Fighting
   127 | D        | Reached skill level 4 in Spellcasting
   127 | D        | Reached XP level 2. HP: 14/16 MP: 2/9
   134 | D        | Learned a level 2 spell: Throw Flame
   140 | D        | Killed a yaktaur
   172 | D        | Killed a hellion
   195 | D        | Noticed Crazy Yiuf
   200 | D        | Killed Crazy Yiuf
   200 | D        | Reached skill level 5 in Spellcasting
   200 | D        | Reached XP level 3. HP: 2/21 MP: 4/12
   206 | D        | Killed a white draconian scorcher
   213 | D        | Learned a level 3 spell: Conjure Flame
   217 | D        | Learned a level 3 spell: Inner Flame
   219 | D        | Killed a white draconian scorcher
   240 | D        | Gained mutation: You are agile. (Dex +2) [potion of mutation]
   240 | D        | Gained mutation: You are somewhat resistant to further mutation. [potion of mutation]
   241 | D        | Lost mutation: You are agile. (Dex +2) [potion of mutation]
   241 | D        | Lost mutation: You are somewhat resistant to further mutation. [potion of mutation]
   241 | D        | Gained mutation: Your body sometimes deteriorates upon taking damage. [potion of mutation]
   241 | D        | Gained mutation: Your spells are a little harder to cast, but a little more powerful. [potion of mutation]
   242 | D        | Lost mutation: Your body sometimes deteriorates upon taking damage. [potion of mutation]
   242 | D        | Lost mutation: Your spells are a little harder to cast, but a little more powerful. [potion of mutation]
   242 | D        | Gained mutation: You are partially covered in large bone plates. (SH +4) [potion of mutation]
   242 | D        | Gained mutation: You are resistant to hostile enchantments. (MR+) [potion of mutation]
   242 | D        | Gained mutation: Your mind is acute. (Int +2) [potion of mutation]
   242 | D        | Gained mutation: You have a pair of small antennae on your head. [potion of mutation]
   331 | D        | Killed a yaktaur
   466 | D        | Noticed a water elemental
   471 | D        | Killed a water elemental
   471 | D        | Reached skill level 7 in Spellcasting
   471 | D        | Reached skill level 5 in Fire Magic
   471 | D        | Reached XP level 4. HP: 27/27 MP: 6/15
   485 | D        | Learned a level 4 spell: Sticky Flame
   532 | D        | Found a radiant altar of Vehumet.
   533 | D        | Found a deep blue altar of Sif Muna.
   533 | D        | Found an ancient bone altar of Kikubaaqudgha.
   533 | D        | Noticed a wizard
   535 | D        | Killed a wizard
   535 | D        | Reached skill level 5 in Dodging
   535 | D        | Reached XP level 5. HP: 25/31 MP: 7/17
   536 | D        | Noticed a hellwing
   538 | D        | Slain by a hellwing

Vault maps used:
D:        dungeon_sprint_mu

Skill      XL: |  1  2  3  4 |
---------------+-------------+-----
Armour         | 1 2 3 |  3.0
Conjurations   | 2 3 4 |  4.2
Fighting       | 1 2 |  2.7
Dodging        | 3 4 5 |  5.2
Spellcasting   | 4 5 7 |  7.5
Fire Magic     | 4 5 |  5.2
Stealth        | |  2.4

Action                   |  1- 3 |  4- 6 || total
-------------------------+-------+-------++-------
 Cast: Flame Tongue      |    20 |       ||    20
       Conjure Flame     |     1 |       ||     1
       Sticky Flame      |       |     2 ||     2
  Use: Potion            |     3 |     1 ||     4
       Scroll            |     2 |       ||     2
Armor: Robe              |       |     1 ||     1
Dodge: Dodged            |     3 |     2 ||     5
Block: Other             |     1 |       ||     1
